 Dungeon Crawl Stone Soup version 0.31-a0-1206-g41278d8d1d (webtiles) character file.

Game seed: 17015160868151059370

56 LeprechaunX the Changeling (level 3, -3/36 HPs)
             Began as an Octopode Shapeshifter on Dec 13, 2023.
             Slain by Sigmund
             ... wielding a +1 scythe of protection
              (4 damage)
             ... on level 3 of the Dungeon.
             The game lasted 00:01:49 (1622 turns).

LeprechaunX the Changeling (Octopode Shapeshifter)  Turns: 1622, Time: 00:01:49

Health: -3/36      AC: 21    Str: 15    XL:     3   Next: 95%
Magic:  3/3        EV:  2    Int: 12    God:
Gold:   90         SH:  0    Dex: 11    Spells: 2/2 levels left

rFire   . . .        b - +2 short sword (speed)
rCold   . . .        (no shield)
rNeg    . . .        (helmet currently unavailable)
rPois   +            (no amulet)
rElec   .            (no ring)
rCorr   .            (no ring)
SInv    .            (no ring)
Will    .....        (no ring)
Stlth   +            (no ring)
HPRegen 0.26/turn    (no ring)
MPRegen 0.08/turn    (no ring)
                     (no ring)

%: no passive effects
@: tree-form
A: stationary, stasis, torment immunity, boosted hp, almost no armour,
(amphibious), 8 rings, (camouflage 1), (gelatinous body 1), (nimble swimmer 1),
(tentacles)
a: no special abilities


You were on level 3 of the Dungeon.
You were a tree.
You visited 1 branch of the dungeon, and saw 3 of its levels.

You collected 90 gold pieces.

Inventory:

Hand Weapons
 b - a +2 short sword of speed (weapon)
Missiles
 f - 3 javelins
Jewellery
 j - a ring of ice
 k - an amulet of regeneration
 o - an amulet of magic regeneration
Talismans
 c - a flux talisman
 i - a beast talisman
Scrolls
 d - 2 scrolls of revelation {unknown}
 g - a scroll of brand weapon {unknown}
 h - 4 scrolls of immolation {unknown}
 m - a scroll of enchant armour {unknown}
 n - 2 scrolls of identify {unknown}
 p - a scroll of noise {unknown}
Potions
 e - a potion of enlightenment {unknown}
 l - a potion of curing {unknown}


   Skills:
 + Level 1.7 Fighting
 + Level 1.2 Throwing
 - Level 2.0 Dodging
 + Level 3.3 Unarmed Combat
 * Level 3.6 Shapeshifting


You had 2 spell levels left.
You didn't know any spells.
Your spell library was empty.

Dungeon Overview and Level Annotations

Branches:
Dungeon (3/15)

Altars:
Trog

Annotations:
D:3 Sigmund


Innate Abilities, Weirdness & Mutations

You are a tree.
Your roots penetrate the ground, keeping you stationary.
You cannot be teleported.
You are immune to unholy pain and torment.
Your maximum health is greatly increased.
You cannot wear most types of armour.
((You are amphibious.))
You can wear up to eight rings at the same time.
((Your skin changes colour to match your surroundings (Stealth+).))
((Your rubbery body absorbs attacks. (AC +1, EV +1)))
((You are camouflaged when in or above water. (Stealth+)))
((You have tentacles for arms and can constrict up to eight enemies at once.))


Message History

You swing at nothing.
Sigmund hits you but does no damage.
You hit Sigmund.
Sigmund is severely wounded.
You barely miss Sigmund.
Sigmund is severely wounded.
Sigmund gestures at you while chanting.
The magic dart hits you but does no damage.
You swing at nothing.
You swing at nothing.
You feel less confused. Sigmund hits you but does no damage.
You hit Sigmund but do no damage.
Sigmund is severely wounded.
You hit Sigmund.
Sigmund is almost dead.
Sigmund hits you with a +1 scythe of protection!
* * * LOW HITPOINT WARNING * * *
You closely miss Sigmund.
Sigmund is almost dead.
You hit Sigmund.
Sigmund is almost dead.
Sigmund hits you but does no damage.
You closely miss Sigmund.
Sigmund is almost dead.
You closely miss Sigmund.
Sigmund is almost dead.
Sigmund hits you but does no damage.
You hit Sigmund but do no damage.
Sigmund is almost dead.
You hit Sigmund but do no damage.
Sigmund is almost dead.
Sigmund hits you with a +1 scythe of protection.
* * * LOW HITPOINT WARNING * * *
You closely miss Sigmund.
Sigmund is almost dead.
You hit Sigmund but do no damage.
Sigmund is almost dead.
Sigmund hits you with a +1 scythe of protection.
You die...
Sigmund begins carving another notch in his scythe.

#.###.#.#.#####.#####...
..... ##.# #......#.#
...###.## ######.#.#
##.#.#.## #.#.#
#.##.##### #.#.#
#........# #.#.#
#........# #.#.#
#........# #.#.#
#...♣....# #.#.#
##..@....# #.# #.......#
#.# #<......# #..
####.#### ### .# .# $#


You could see Sigmund.

Vanquished Creatures
  A worm (D:3)
  5 bats
  5 endoplasms
  2 giant cockroaches
  5 hobgoblins
  12 jackals
  2 kobolds
  A quokka (D:2)
  3 ball pythons
  4 frilled lizards
  5 rats
45 creatures vanquished.

Notes
Turn   | Place    | Note
-------+----------+-------------------------------------------
     0 | D:1      | LeprechaunX the Octopode Shapeshifter began the quest for
                  | the Orb.
     0 | D:1      | Reached XP level 1. HP: 13/13 MP: 1/1
   146 | D:1      | Reached XP level 2. HP: 18/18 MP: 2/2
   346 | D:1      | Reached XP level 3. HP: 17/23 MP: 3/3
   450 | D:1      | Reached skill level 1 in Throwing
   547 | D:1      | Found a faded altar of an unknown god.
   825 | D:2      | Found a bloodstained altar of Trog.
  1594 | D:3      | Noticed Sigmund
  1620 | D:3      | HP: 1/36 [Sigmund/+1 scythe of protection (3)]
  1622 | D:3      | Slain by Sigmund

Illustrated notes

Levels and vault maps discovered:
D:1:      dpeg_arrival_court, layout_rooms, dilly_ecumenical_altar_fadedgnrine
D:2:      layout_basic, basic_altar
D:3:      layout_loops_ring, uniq_sigmund, uniq_jessica

Skill      XL: |  1  2  3 |
---------------+----------+-----
Throwing       | 1 |  1.2
Fighting       | |  1.7
Dodging        | |  2.0
Unarmed Combat | |  3.3
Shapeshifting  | |  3.6

Action                     || total
---------------------------++-------
  Melee: Unarmed           ||    44
         Constrict         ||    22
         Tentacles         ||    15
         Short sword       ||    70
         Punch             ||     2
    Use: Potion            ||     1
   Stab: Sleeping          ||    10
 Armour: Skin              ||    58
  Dodge: Dodged            ||    64

Table legend: (Time is in decaauts)
 A = Elapsed time spent in this place.
 B = Non-inter-level travel time spent in this place.
 C = Inter-level travel time spent in this place.
 D = Time resting spent in this place.
 E = Time spent auto-exploring this place.
 F = Levels seen in this place.
 G = Mean time per level.
                   A        B        C        D        E       F      G
               +--------+--------+--------+--------+--------+-----+--------+
         Total |   1595 |   1470 |    125 |     61 |   1145 |   3 |  531.7 |
       Dungeon |   1595 |   1470 |    125 |     61 |   1145 |   3 |  531.7 |
               +--------+--------+--------+--------+--------+-----+--------+

Top non-repeatable levels by time:
     D:2: 786 daAuts
     D:1: 662 daAuts
     D:3: 146 daAuts
